[Event "*** Titled Tuesday Blitz"]
[Site "Chess.com"]
[Date "2020.04.14"]
[Round "5"]
[White "figo13"]
[Black "Donseng"]
[Result "0-1"]
[WhiteElo "2342"]
[BlackElo "2530"]
[TimeControl "180+1"]
[EndTime "10:52:16 PDT"]
[Termination "Donseng won on time"]

1. d4 d5 2. c4 c6 3. Nc3 Nf6 4.
Nf3 e6 5. e3 a6 6. Qc2 c5 7. cxd5 exd5 8. Be2 Nc6 9. O-O Be6 10.
dxc5 Bxc5 11. Rd1 Ba7 12. a3 Rc8 13. Bd2 O-O 14. Rac1 Ne4 15. Be1 Qe7 16. Qb1 Nf6 17.
b4 Rfd8 18. Na4 d4 19. Nxd4 Bxd4 20. exd4 Nxd4 21. Bf1 Rxc1 22. Rxc1 Bf5 23. Qb2 h6 24. Bc3 Nb5 25. Bxf6 Qxf6 26. Qxf6 gxf6 27. Nc5 b6 28. Na4 Nxa3 29. Nxb6 Rb8 30. Nd5 Kg7 31. Bxa6 Be6 32. Nf4 Rxb4 33. Nxe6+ fxe6 34. Bd3 f5 35. g3 Nb5 36.
Bxb5 Rxb5 37. f4 h5 38. Rc6 Kf6 39. Kg2 Rb2+ 40. Kh3 h4 41. Ra6 Rf2 42. Rb6 Ke7 43.
Rb7+ Kd6 44. Rh7 hxg3 45. hxg3 Kd5 46. Rd7+ Ke4 47. Rd1 Kf3 48. Rd3+ Ke4 49. Rb3 Rd2 50. Rb6 Kf3 51. Rb3+ Ke4 52. Rb6 Kd5 53. Rb5+ Ke4 54. Re5+ Kf3 55. Rxe6 Rd1 56. Kh4 Rd5 0-1

[Event "*** Titled Tuesday Blitz"]
[Site "Chess.com"]
[Date "2020.04.14"]
[Round "5"]
[White "Enriquack"]
[Black "Nikolaj_6"]
[Result "1-0"]
[WhiteElo "2302"]
[BlackElo "2583"]
[TimeControl "180+1"]
[EndTime "10:52:16 PDT"]
[Termination "Enriquack won by resignation"]

1. e4 c5 2. Nf3 e6 3. d4 cxd4 4. Nxd4 Nc6 5. Nc3 a6 6. Nxc6 bxc6 7. Bd3 Nf6 8. O-O d5 9. Qf3 Be7 10. Qg3 O-O 11. Bh6 Ne8 12. Bf4 Bh4 13. Qf3 Bf6 14. e5 Bg5 15. Na4 Bxf4 16. Qxf4 Rb8 17. c4 Qe7 18. b3 Nc7 19. Rac1 f6 20. exf6 gxf6 21. Rfe1 e5 22. Qg3+ Kh8 23. Qh4 Rf7 24.
cxd5 cxd5 25. Nc5 Ne6 26. Nxe6 Bxe6 27. Rc6 a5 28. Rec1 Rbf8 29. Rc7 Qxc7 30. Rxc7 Rxc7 31. h3 Rg7 32. Kh2 e4 33. Bf1 f5 34. Qf4 Re7 35.
Qe5+ Kg8 36. Qd4 f4 37. a3 Bf7 38. b4 axb4 39. axb4 Rfe8 40. b5 e3 41. fxe3 fxe3 42.
Be2 Re4 43. Qf6 d4 44. b6 d3 45. Bxd3 e2 46. Qg5+ Bg6 47. Qd5+ R4e6 48. Bxe2 Bf7 49. Qg5+ Rg6 50. Qd2 Rxb6 51. Bf3 Rg6 52. Qd4 h6 53. h4 Ree6 54. Qd8+ Re8 55. Qd4 Ree6 56. Qf4 Rgf6 57.
Qb8+ Re8 58. Qg3+ Kf8 59. h5 Ree6 60. Qc7 Rf5 61. Qd8+ Kg7 62. Qd2 Ree5 63. Qd4 Rg5 64. g4 Be6 65. Kg3 Kf6 66. Qd8+ Kf7 67. Qc7+ Kf6 68. Qd8+ Kf7 69. Qh8 Bxg4 70. Bxg4 Re4 71. Qh7+ Kf6 72. Qxe4 Re5 73. Qf4+ 1-0

[Event "*** Titled Tuesday Blitz"]
[Site "Chess.com"]
[Date "2020.04.14"]
[Round "5"]
[White "Rozum_Ivan"]
[Black "Flawless_Fighter"]
[Result "0-1"]
[WhiteElo "2749"]
[BlackElo "2615"]
[TimeControl "180+1"]
[EndTime "10:52:17 PDT"]
[Termination "Flawless_Fighter won on time"]

1. Nf3 Nf6 2. g3 e6 3. Bg2 d5 4. O-O Be7 5. b3 O-O 6. Bb2 b6 7. c4 Bb7 8. Nc3 c5 9. e3 dxc4 10. bxc4 Ne8 11. Qe2 Nd6 12. d3 a6 13. a4 Nc6 14. Rfd1 Qc7 15. Ne1 Rfd8 16. f4 Rab8 17. Nc2 Nb4 18. Bxb7 Rxb7 19. Ba3 Nxc2 20. Qxc2 Nf5 21.
Kf2 Qc6 22. Rab1 Rbd7 23. Qe2 Bf6 24. Ne4 Be7 25. Qc2 h5 26. Bc1 h4 27. g4 Nd6 28.
Nc3 Bf6 29. Bb2 g5 30. fxg5 Bxg5 31. Ne2 h3 32. e4 Nxe4+ 33. dxe4 Rxd1 34. Rxd1 Rxd1 35. Qxd1 Qxe4 36. Qf1 Qe3+ 37. Ke1 Qd2+ 38. Kf2 Qxb2 39. Qxh3 Qc2 40. Qh5 Bf6 41. g5 Bd4+ 42. Kf1 Qd1+ 43.
Kg2 Qd3 44. Qg4 Kg7 45. h4 Qxc4 46. Nf4 Qc2+ 47. Kf3 Qd1+ 48. Kg3 Qxg4+ 49. Kxg4 b5 50. axb5 axb5 51. Ne2 Bb2 52. h5 c4 53. h6+ Kh7 54. Kf3 Kg6 55. Ke4 Kxg5 56. h7 Bg7 57. Nd4 b4 58. Nc6 b3 59. Ne5 Kh6 0-1

[Event "*** Titled Tuesday Blitz"]
[Site "Chess.com"]
[Date "2020.04.14"]
[Round "5"]
[White "Perimir"]
[Black "DenishevM"]
[Result "1-0"]
[WhiteElo "2446"]
[BlackElo "2603"]
[TimeControl "180+1"]
[EndTime "10:52:18 PDT"]
[Termination "Perimir won by resignation"]

1. e4 Nf6 2. Nc3 d5 3. e5 Nfd7 4. f4 c5 5. Nf3 Nc6 6. Bb5 Ndb8 7. O-O e6 8. a4 Be7 9. d3 a6 10. Bxc6+ Nxc6 11. Bd2 O-O 12. Qe2 f5 13. exf6 Bxf6 14. Kh1 Qd6 15. Rae1 Bd7 16. Nd1 Rae8 17. b3 Re7 18. Bc3 Bxc3 19. Nxc3 Rxf4 20. Ng5 Rxf1+ 21. Rxf1 h6 22. Nf3 Rf7 23. Re1 e5 24. h3 Re7 25.
Qf2 Nd4 26. Nxd4 cxd4 27. Ne2 Qf6 28. Qg3 e4 29. Nf4 Bc6 30. Kh2 Rf7 31. Nh5 Qg5 32. Qxg5 hxg5 33. Ng3 e3 34. Kg1 b5 35. Rf1 Rxf1+ 36. Kxf1 bxa4 37. bxa4 Bxa4 38. Nf5 Bxc2 39. Ke2 a5 40. Nxd4 Bb1 41. Kxe3 a4 42. Nb5 Ba2 43. Kd4 Kf7 44. Kc3 g4 45. hxg4 Bb3 46. Nd4 Kf6 47. Nxb3 axb3 48. Kxb3 Kg5 49. Kb4 Kf4 50.
Kc5 Ke5 51. d4+ Ke4 52. g5 g6 53. g3 Kf3 54. Kxd5 Kxg3 55. Ke5 Kg4 56. Kf6 Kf4 57.
d5 1-0

[Event "*** Titled Tuesday Blitz"]
[Site "Chess.com"]
[Date "2020.04.14"]
[Round "5"]
[White "Chessalary"]
[Black "Crazy_girl99"]
[Result "1-0"]
[WhiteElo "2308"]
[BlackElo "2489"]
[TimeControl "180+1"]
[EndTime "10:52:18 PDT"]
[Termination "Chessalary won by resignation"]

1. e4 e5 2. Nf3 Nc6 3. Bc4 Bc5 4. c3 Nf6 5. d3 d6 6. O-O a6 7. a4 h6 8. Bb3 Ba7 9. Bc2 O-O 10. h3 Re8 11. d4 exd4 12. cxd4 Nxe4 13. Bxe4 Rxe4 14.
Nc3 Re8 15. Be3 d5 16. Re1 Be6 17. Rb1 a5 18. Nb5 Bb6 19. Rc1 Qf6 20. Ne5 Nxe5 21. dxe5 Qg6 22. Qf3 Bxe3 23. Rxe3 Rac8 24. Nxc7 Re7 25.
Rec3 d4 26. Nd5 Rce8 27. Nxe7+ Rxe7 28. Rc7 Rxc7 29. Rxc7 Qb1+ 30. Kh2 d3 31. Rxb7 d2 32. Rb8+ Kh7 33. Rd8 Qxb2 34. Qd3+ g6 35. Qxd2 Qxe5+ 36. f4 Qe4 37. Qd4 Qxd4 38. Rxd4 Kg7 39. Re4 Bb3 40. g4 Kf6 41. Kg3 g5 42. f5 Bc2 43. Rc4 Bb3 44.
Rc6+ Kg7 45. Ra6 Bxa4 46. Rxa5 Bc2 47. h4 gxh4+ 48. Kxh4 Bd1 49. Ra6 Be2 50. Rb6 Bd1 51. Kh5 Be2 52. Rc6 Bd1 53. f6+ Kh7 54. Rc7 Bb3 55. Rc8 Bd5 56. Rc5 Be4 57. Re5 Bg6+ 58. Kh4 Bc2 59. g5 Kg6 60. gxh6 Kxh6 61. Rg5 Bg6 62.
Kg4 Bc2 63. Kf4 Bg6 64. Rg3 Bc2 65. Ke5 Bb1 66. Kd6 Bg6 67. Ke7 Kh5 68. Kf8 Kh6 69.
Rxg6+ fxg6 70. f7 g5 71. Ke8 g4 72. f8=Q+ Kg5 73. Qf2 Kh5 74. Qg2 Kg5 75. Ke7 Kf4 76. Ke6 g3 77. Kd5 Kg4 78. Ke4 1-0

[Event "*** Titled Tuesday Blitz"]
[Site "Chess.com"]
[Date "2020.04.14"]
[Round "5"]
[White "almo64"]
[Black "lachesisQ"]
[Result "0-1"]
[WhiteElo "2848"]
[BlackElo "3093"]
[TimeControl "180+1"]
[EndTime "10:52:19 PDT"]
[Termination "lachesisQ won on time"]

1. d4 Nf6 2. Nf3 g6 3. Bf4 Bg7 4. h3 d6 5. e3 O-O 6. c3 Nbd7 7. Nbd2 Qe8 8. Bh2 e5 9. dxe5 Nxe5 10. Be2 Nxf3+ 11.
Bxf3 Bd7 12. O-O Bc6 13. Re1 a5 14. a4 Nd7 15. Bxc6 bxc6 16. e4 Qe6 17. Qc2 Rfb8 18. Rab1 Rb7 19. b4 axb4 20. cxb4 c5 21. e5 dxe5 22.
bxc5 Rxb1 23. Rxb1 Qc6 24. Rb5 Bf8 25. Bg3 Ra6 26.
Kh2 Bxc5 27. Bxe5 Bxf2 28. Qxc6 Rxc6 29. Ne4 Nxe5 30. Nxf2 Nc4 31. Rb4 Na5 32. Rb5 Ra6 33.
Ne4 Ra8 34. Rc5 c6 35. Nd2 Kg7 36. Nc4 Nb3 37. Rxc6 Rxa4 38. Rc7 Nd2 39. Ne5 Rf4 40. Nd3 Rf5 41. Rc5 Rxc5 42. Nxc5 f5 43. Kg3 Kf6 44.
Nd7+ Ke7 45. Ne5 Ke6 46. Nd3 g5 47. h4 Ne4+ 48. Kf3 gxh4 49. Kf4 Kf6 50. Nb4 Nc3 51. Nd3 Nd5+ 52. Kf3 Kg5 53. Nc5 Nf4 54. Nd7 Ng6 55. Nc5 Ne5+ 56. Kf2 Kg4 57. Ne6 f4 58. Nd4 Nd3+ 59.
Ke2 Nc5 60. Kf2 Ne4+ 61. Kg1 h3 62. gxh3+ Kxh3 63. Ne2 Kg4 64. Kh2 h5 65. Nd4 f3 0-1

[Event "*** Titled Tuesday Blitz"]
[Site "Chess.com"]
[Date "2020.04.14"]
[Round "5"]
[White "awesomevishesh"]
[Black "Mischuk_D"]
[Result "1/2-1/2"]
[WhiteElo "2540"]
[BlackElo "2703"]
[TimeControl "180+1"]
[EndTime "10:52:19 PDT"]
[Termination "Game drawn - insufficient material"]

1. d4 Nf6 2. c4 g6 3. Nc3 d5 4.
cxd5 Nxd5 5. e4 Nxc3 6. bxc3 Bg7 7. Bc4 Nc6 8. Ne2 O-O 9. O-O e5 10. d5 Na5 11. Bd3 b6 12. Be3 Nb7 13. Qd2 Qe7 14. f4 exf4 15. Bxf4 Nc5 16. Ng3 Bb7 17. Rae1 Rad8 18. Bg5 f6 19. Bf4 c6 20. d6 Qe6 21. h4 h5 22. Rf2 Kh7 23. Qd1 Qg4 24. Qxg4 hxg4 25. Bb1 Rfe8 26. Bc2 Ne6 27. Bd1 Nxf4 28.
Rxf4 Bh6 29. Rf2 Rxd6 30. Bxg4 Kg7 31. h5 Rd3 32. Rf3 Rxf3 33. gxf3 Bf4 34. Kg2 Rd8 35. hxg6 Bxg3 36. Kxg3 Kxg6 37. Bf5+ Kg7 38. Rh1 Rh8 39. Rd1 Rf8 40. Rd7+ Rf7 41. Rd8 c5 42. Kf4 Re7 43.
Rb8 Ba6 44. Ke3 Bc4 45. a3 Bf7 46. Kf4 c4 47. Ke3 Bg6 48. Kf4 Bxf5 49. Kxf5 Re5+ 50. Kf4 Ra5 51. Rc8 Ra4 52. Rc7+ Kg6 53. Rc6 Kf7 54. Kf5 Ra5+ 55. Kf4 Rxa3 56. Rxc4 Ke7 57. Rc7+ Kd6 58.
Rc8 Kd7 59. Rc4 Ra5 60. Ke3 Kd6 61. f4 Ra1 62. Kd4 Rd1+ 63. Ke3 b5 64. Rb4 a6 65.
Rb2 Kc5 66. Rh2 Rd6 67. Rh8 a5 68. Rc8+ Rc6 69. Ra8 a4 70. e5 fxe5 71. fxe5 Kc4 72. Ke4 Kxc3 73. Kd5 Rc7 74. e6 Kb3 75. Kd6 Rh7 76. e7 Rxe7 77. Kxe7 a3 78. Kd6 Ka2 79. Kc5 Kb2 80. Kxb5 a2 81. Rxa2+ Kxa2 1/2-1/2

[Event "*** Titled Tuesday Blitz"]
[Site "Chess.com"]
[Date "2020.04.14"]
[Round "5"]
[White "Igrok3069"]
[Black "CarlosAlbornoz"]
[Result "0-1"]
[WhiteElo "2507"]
[BlackElo "2712"]
[TimeControl "180+1"]
[EndTime "10:52:20 PDT"]
[Termination "CarlosAlbornoz won on time"]

1. d4 Nf6 2. c4 g6 3. f3 Bg7 4.
e4 d6 5. Nc3 O-O 6. Nge2 c5 7. d5 e6 8. Ng3 exd5 9. cxd5 h5 10. Bg5 a6 11. a4 Nbd7 12. Be2 Qe8 13. Qd2 Nh7 14. Bh6 Bxh6 15. Qxh6 Qe5 16. O-O Qg7 17. Qxg7+ Kxg7 18. Rab1 Ne5 19. b4 c4 20. f4 Nd3 21. Bxd3 cxd3 22. Rfd1 h4 23. Nf1 Re8 24. Rxd3 f5 25. Re1 fxe4 26. Rxe4 Bf5 27. Rxe8 Rxe8 28. Re3 Rc8 29. Nd2 h3 30. gxh3 Nf6 31.
Kf2 Kf7 32. Nf3 Kf8 33. Ng5 Rc4 34. Ne6+ Bxe6 35. Rxe6 Kf7 36. Ne2 Rxb4 37. a5 Rb5 38. Nc3 Rxa5 39. Rxd6 Ra3 40. Rb6 Rxc3 41. Rxb7+ Kf8 42.
Rb6 Ne4+ 43. Kg2 a5 44. Ra6 Ra3 45. h4 Kg7 46. Re6 Nc5 47. Rc6 Nd3 48. Rc7+ Kf6 49.
Kf3 Nb4+ 50. Kg4 Nxd5 51. Rc6+ Kf7 52. h5 gxh5+ 53. Kxh5 Nxf4+ 54. Kg5 Ne6+ 55. Kh5 Nd4 56. Rd6 Nf5 0-1

[Event "*** Titled Tuesday Blitz"]
[Site "Chess.com"]
[Date "2020.04.14"]
[Round "5"]
[White "zivicd"]
[Black "Belgrade"]
[Result "0-1"]
[WhiteElo "2220"]
[BlackElo "2102"]
[TimeControl "180+1"]
[EndTime "10:52:23 PDT"]
[Termination "Belgrade won on time"]

1. e4 e6 2. d4 d5 3. Nd2 Ne7 4.
Ngf3 g6 5. c3 Bg7 6. Bd3 Nd7 7.
exd5 exd5 8. O-O O-O 9. Re1 c5 10. Nf1 Nc6 11. Be3 cxd4 12. Nxd4 Nce5 13. Be2 Nc5 14.
Ng3 b6 15. Qc2 Ba6 16. Bxa6 Nxa6 17. Bf4 Re8 18. Bxe5 Bxe5 19. Nc6 Qd6 20. Nxe5 Rxe5 21.
Rxe5 Qxe5 22. Rd1 Nc7 23. Qe2 Re8 24. Qxe5 Rxe5 25. Kf1 Kf8 26. Ne2 Ke7 27. Nd4 Kd6 28.
f3 Kc5 29. Kf2 Nb5 30. Nb3+ Kc6 31. a4 Nd6 32. Nd4+ Kc5 33. b3 a6 34. Ne2 h5 35.
Nf4 Kc6 36. Nd3 Rf5 37. Nb4+ Kb7 38. c4 Ne4+ 39. Ke3 Nc5 40. Nxd5 Nxb3 41. Rb1 Na5 42.
Kd4 Nc6+ 43. Ke4 b5 44. axb5 Re5+ 45. Kd3 axb5 46. Rxb5+ Ka6 47. f4 Rf5 48. Rb6+ Ka5 49. Rxc6 g5 50. fxg5 Rxg5 51. g3 h4 52. gxh4 Rh5 53.
Rf6 Rxh4 54. Ne3 Rxh2 55. Rxf7 Rh6 56. Rb7 Rd6+ 57. Nd5 Ka6 58. Rb8 Rd7 59. Rb3 Rh7 60. Kd4 Rh6 61. Kc5 Ka7 62. Rb4 Rg6 63. Kb5 Ra6 0-1

[Event "*** Titled Tuesday Blitz"]
[Site "Chess.com"]
[Date "2020.04.14"]
[Round "5"]
[White "Alonmindlin"]
[Black "RubensCezila"]
[Result "1-0"]
[WhiteElo "2703"]
[BlackElo "2458"]
[TimeControl "180+1"]
[EndTime "10:52:26 PDT"]
[Termination "Alonmindlin won by resignation"]

1. d4 Nf6 2. c4 g6 3. Nc3 Bg7 4. e4 d6 5. f3 O-O 6. Be3 e5 7. d5 Nh5 8. Nge2 f5 9. Qd2 Nd7 10. O-O-O a6 11. Kb1 Ndf6 12. c5 b5 13. exf5 gxf5 14. Nc1 e4 15. f4 Ng4 16. Be2 Nxe3 17. Qxe3 Qe8 18. Nb3 Nf6 19. a3 Ng4 20. Bxg4 fxg4 21.
c6 Qg6 22. Ka2 Bf5 23. Nd4 Rae8 24. Nce2 h5 25. Ng3 Bc8 26. Rhe1 Bh6 27. Nxe4 Bxf4 28.
Nf6+ Qxf6 29. Qxe8 Be5 30. Qxh5 Bxd4 31. Rf1 Bf5 32.
Rxf5 Qxf5 33. Qxf5 Rxf5 34. Rxd4 Kf7 35. Kb3 Kf6 36.
Kb4 Ke5 37. Rxg4 Kxd5 38. h4 Kxc6 39. Kb3 Kd5 40. Rg3 c5 41. Rh3 Rf8 42. h5 Ke5 43. h6 Rh8 44. h7 Kf4 45. Rh6 d5 46. Kc3 d4+ 47. Kd3 Ke5 48. g4 c4+ 49. Kd2 Kf4 50. Rd6 d3 51. Rxa6 Kg5 52. Rb6 Rxh7 53. Rxb5+ Kxg4 54. Rd5 Rh2+ 55. Kc1 Rc2+ 56. Kb1 Kf3 57.
a4 Ke3 58. a5 Rh2 59. Re5+ Kd4 60. Re8 Rh1+ 61. Ka2 Rh6 62. Rd8+ Ke3 63. Ka3 d2 64.
Kb4 Ke2 65. Kxc4 Rh4+ 66. Kc5 d1=Q 67. Rxd1 Kxd1 68. b4 Kc2 69. a6 Kb3 70. b5 Rh8 71. b6 Ka4 72. a7 Ka5 73. b7 Rh5+ 74. Kd4 Rh4+ 75. Kd3 Rh3+ 76. Ke2 Rh2+ 77. Kf1 1-0

[Event "*** Titled Tuesday Blitz"]
[Site "Chess.com"]
[Date "2020.04.14"]
[Round "5"]
[White "FeketeBarika"]
[Black "Alkhoori90"]
[Result "0-1"]
[WhiteElo "2289"]
[BlackElo "2071"]
[TimeControl "180+1"]
[EndTime "10:52:27 PDT"]
[Termination "Alkhoori90 won by resignation"]

1. Nf3 c5 2. g3 Nc6 3. Bg2 g6 4. O-O Bg7 5. c4 e5 6. Nc3 Nge7 7. d3 O-O 8. Rb1 d6 9. a3 a5 10. Ne1 Be6 11. Nc2 d5 12. cxd5 Nxd5 13. Bd2 h5 14. h4 Qd7 15. Ne3 Nc7 16. Na4 Qe7 17. Rc1 Na6 18. Nd5 Qd8 19. Ndb6 Rb8 20. Bc3 Nd4 21.
Bxa5 Bb3 22. Qd2 Bxa4 23. Nxa4 b6 24. Bc3 Nb3 25. Qe3 Nxc1 26. Rxc1 Qd7 27. b3 Rfc8 28. Nb2 b5 29. Qg5 Re8 30. b4 cxb4 31. axb4 Rbc8 32.
Nd1 Kh7 33. Ne3 Nxb4 34. Be4 Na2 35. Bd2 Nxc1 36. Qxh5+ Kg8 37. Qf3 Nb3 38. Bb4 Nd4 39.
Qg2 Nxe2+ 40. Kh2 Nd4 41. Nd5 Red8 42. Ne7+ Kh7 43. Nxc8 Rxc8 44. Bd2 Rc2 45. Be3 f5 46. Bf3 Nxf3+ 47. Qxf3 Qxd3 48. h5 Qe4 49. hxg6+ Kxg6 50. Qd1 Rc6 51. Qd7 Qc4 52. Qe8+ Kh7 53. Qh5+ Kg8 54. Qe8+ Bf8 55. Qxe5 Qf7 56. Qf4 Qh5+ 57. Kg2 Qg4 58. Qg5+ Qxg5 59. Bxg5 b4 60. Be3 b3 61. Bd4 Bg7 62.
Bb2 Bxb2 0-1

[Event "*** Titled Tuesday Blitz"]
[Site "Chess.com"]
[Date "2020.04.14"]
[Round "5"]
[White "JelenaKarleusa-SO-18"]
[Black "kagg1125"]
[Result "1-0"]
[WhiteElo "2709"]
[BlackElo "2518"]
[TimeControl "180+1"]
[EndTime "10:52:28 PDT"]
[Termination "JelenaKarleusa-SO-18 won by resignation"]

1. e4 e5 2. Nf3 Nc6 3. Bc4 Nf6 4. d3 Be7 5. a4 O-O 6. O-O d6 7. c3 Kh8 8. a5 a6 9. Re1 Ng8 10. d4 f5 11. dxe5 fxe4 12. Rxe4 Rxf3 13. gxf3 Nxe5 14. Bf1 Nf6 15. Rd4 Qe8 16. Bf4 Qg6+ 17. Kh1 Nc6 18. Rda4 Bf5 19. Na3 Rf8 20. Bg3 Nd7 21. b4 Bf6 22. Rc1 Nce5 23. b5 Nc5 24. Rd4 Ned3 25. Ra1 Bxd4 26. cxd4 Ne6 27. bxa6 bxa6 28. Nc4 Nef4 29. Ne3 Bh3 30. Ra3 Bxf1 31. Qxf1 Nb4 32. Rc3 Nbd5 33. Rc6 h5 34. Rxa6 h4 35. Bxf4 Nxf4 36.
Rc6 Qh5 37. Ng4 Qxa5 38. Rc1 Qd5 39. Qd1 Ng6 40. Ne3 Qxf3+ 41. Qxf3 Rxf3 42. Rxc7 Rxf2 43. Rd7 Re2 44. Nf5 Nf4 45. Kg1 Nh3+ 46. Kh1 Rf2 47. Nxh4 Rf4 48. Ng6+ Kh7 49. Nxf4 Nxf4 50. Rxd6 Nd3 51.
Rd8 Nf2+ 52. Kg2 Ne4 53. Re8 Nf6 54. Re6 Kg6 55. Kf3 Kf5 56. Re5+ Kg6 57. Kf4 Nd7 58. Rb5 Kf7 59. Kf5 Nf8 60. Ke5 Kg8 61. Rb8 Kf7 62. Rxf8+ Kxf8 63. Kf5 Ke7 64. h4 Kd6 65. Kg6 Kd5 66.
h5 Kxd4 67. Kxg7 1-0

[Event "*** Titled Tuesday Blitz"]
[Site "Chess.com"]
[Date "2020.04.14"]
[Round "5"]
[White "vovachesss"]
[Black "Budisavljevic"]
[Result "1-0"]
[WhiteElo "2603"]
[BlackElo "2404"]
[TimeControl "180+1"]
[EndTime "10:52:29 PDT"]
[Termination "vovachesss won by checkmate"]

1. d4 Nf6 2. Nf3 e6 3. Nbd2 c5 4. c3 d5 5. e3 Bd6 6. Bd3 O-O 7. O-O Nc6 8. dxc5 Bxc5 9. e4 h6 10. Qe2 b6 11. e5 Nd7 12. Re1 a5 13. Nf1 Be7 14.
Ng3 Nc5 15. Nh5 Nxd3 16. Qxd3 Ba6 17. Qe3 Re8 18. Nxg7 Bg5 19. Nxg5 Kxg7 20. Qg3 Kf8 21. Nh7+ Ke7 22. Bxh6 Kd7 23. Nf6+ Kc7 24. Nxe8+ Qxe8 25. b4 Qh8 26. Bg5 Rg8 27. a4 Bc4 28. Rab1 Qh7 29. bxa5 Nxa5 30. Qe3 Rb8 31. Be7 Bd3 32. Bd6+ Kc6 33.
Rb4 Nc4 34. Qg5 Rg8 35. Qf4 Be4 36. f3 Bd3 37. Qf6 Qg6 38. Qxg6 Rxg6 39. g4 Rg8 40. h4 Ra8 41. h5 Nxd6 42. exd6 Ra6 43. Re3 Bc4 44. h6 Kxd6 45. g5 Ra8 46. f4 Kc5 47. Re5 Rh8 48. f5 Kd6 49. Re3 exf5 50. Rxb6+ Kc5 51. Rf6 f4 52. Rxf4 Ra8 53. Rxf7 Rxa4 54.
h7 Ra1+ 55. Kf2 Ra2+ 56. Kg3 Ra8 57. g6 d4 58. cxd4+ Kxd4 59. Ref3 Bxf7 60. Rxf7 Rh8 61.
g7 Rxh7 62. g8=Q Rh1 63. Qd8+ Ke5 64. Re7+ Kf5 65. Qf8+ Kg6 66. Rg7+ Kh6 67. Qh8# 1-0

[Event "*** Titled Tuesday Blitz"]
[Site "Chess.com"]
[Date "2020.04.14"]
[Round "5"]
[White "Zubrrr"]
[Black "kuba2006"]
[Result "1/2-1/2"]
[WhiteElo "2699"]
[BlackElo "2468"]
[TimeControl "180+1"]
[EndTime "10:52:32 PDT"]
[Termination "Game drawn - insufficient material"]

1. c4 Nf6 2. g3 g6 3. Bg2 Bg7 4. Nc3 O-O 5. d4 d6 6. Nf3 Nbd7 7. O-O e5 8. e4 c6 9. h3 Qc7 10.
Be3 a5 11. Re1 exd4 12. Nxd4 Nc5 13. Qc2 Nfd7 14. Rad1 Nb8 15. f4 Nba6 16. a3 Be6 17.
Nxe6 Nxe6 18. Rf1 Nec5 19. Rf2 Rfe8 20. Rfd2 Rad8 21. Bd4 Bxd4+ 22. Rxd4 Re6 23. Kh2 Rde8 24. f5 Rf6 25. Rf1 Kg7 26. Qf2 Nb3 27. Rdd1 Nac5 28. Qf4 h6 29. h4 Ne6 30. Qxd6 Qxd6 31. Rxd6 Nec5 32. Rdd1 gxf5 33. exf5 Re3 34. g4 Re5 35. Rf4 h5 36. Bh3 hxg4 37. Bxg4 Rh6 38. h5 Kf6 39. Kg3 Kg5 40. Bf3 Rxf5 41. Rg4+ Kf6 42. Rd6+ Ne6 43. Rd7 Rfxh5 44. Ne4+ Ke5 45. Nf2 Rg5 46. Rxf7 Rxg4+ 47. Nxg4+ Kd4 48. Nxh6 Nec5 49. Nf5+ Kxc4 50. Be2+ Nd3 51.
Rd7 Nc5 52. Ne3+ Kb3 53. Bxd3 Nxd7 54. Nc4 b5 55. Nxa5+ Kxb2 56. Nxc6 Kxa3 57. Bxb5 Nb6 58. Kf4 Kb2 59. Ke5 Kb3 60. Kd4 Na4 61. Ne5 Kb4 62.
Bc4 Nb6 63. Nd3+ Ka3 64. Bb5 Na4 65. Nf4 Nb2 66. Ba6 Kb4 67. Nd5+ Ka5 68. Be2 Na4 69. Kc4 Nb6+ 70. Kc5 Nxd5 1/2-1/2

[Event "*** Titled Tuesday Blitz"]
[Site "Chess.com"]
[Date "2020.04.14"]
[Round "5"]
[White "platy3"]
[Black "DraskovicL"]
[Result "1-0"]
[WhiteElo "2742"]
[BlackElo "2566"]
[TimeControl "180+1"]
[EndTime "10:52:33 PDT"]
[Termination "platy3 won on time"]

1. e4 d5 2. exd5 Qxd5 3. Nc3 Qd6 4. d4 Nf6 5. Nf3 c6 6. Ne5 Nbd7 7. Nc4 Qc7 8. g3 Nb6 9. Bf4 Qd8 10. Nxb6 axb6 11. Bg2 Bg4 12. Qd3 e6 13. O-O Be7 14. a4 O-O 15. Rfe1 Qd7 16. Qc4 Rfd8 17. Be5 Bf5 18. Qb3 Nd5 19. Nxd5 cxd5 20. c3 Qc6 21.
Bf1 Bd6 22. Bb5 Qc7 23. Bxd6 Qxd6 24. Re5 Be4 25. Re1 Rac8 26. Qd1 f6 27. Rh5 Bg6 28.
Rh4 Rc7 29. Rf4 Re7 30. Qd2 e5 31. dxe5 fxe5 32. Rf3 e4 33. Rfe3 Rf8 34. f4 exf3 35. Rxe7 f2+ 36. Qxf2 Rxf2 37. Kxf2 h5 38. R7e6 Qc5+ 39.
R1e3 Be4 40. Ke2 h4 41. b4 Qc7 42. c4 Qf7 43. Re8+ Kh7 44. cxd5 Qh5+ 45. Ke1 hxg3 46.
hxg3 Qh1+ 47. Kd2 Bg6 48. R8e5 Qb1 49. d6 Qxb4+ 50. Kd1 Qxd6+ 51. Ke1 Qd4 52. Kf1 Qd1+ 53. Kg2 Qd2+ 54. Be2 Qd4 55. Kf2 Qxa4 56. Re7 Qd4 57. Rxb7 Qf6+ 58. Kg2 Qd4 59. Ree7 Be4+ 60. Bf3 Bxb7 61.
Rxb7 Qd2+ 62. Kh3 Qd4 63. Re7 Qc5 64. Be4+ Kh6 65. Re6+ Kh5 66. Rg6 1-0

[Event "*** Titled Tuesday Blitz"]
[Site "Chess.com"]
[Date "2020.04.14"]
[Round "5"]
[White "MarcoRiehle"]
[Black "wild_cat99"]
[Result "1-0"]
[WhiteElo "2725"]
[BlackElo "2552"]
[TimeControl "180+1"]
[EndTime "10:52:35 PDT"]
[Termination "MarcoRiehle won on time"]

1. e4 c5 2. Nf3 d6 3. d4 cxd4 4. Nxd4 Nf6 5. f3 e5 6. Nb3 Be6 7. c4 a5 8. Be3 Nbd7 9. Be2 a4 10.
N3d2 Qa5 11. O-O Be7 12. Na3 Bd8 13. Kh1 Bb6 14. c5 Bxc5 15. Ndc4 Qa6 16. Nb5 O-O 17. Nc7 Qc6 18. Nxa8 Rxa8 19. Rc1 b5 20. Nxd6 Qb6 21. Bxc5 Nxc5 22. Nxb5 Bxa2 23. Qd6 Qxd6 24.
Nxd6 Ne6 25. Rc8+ Rxc8 26. Nxc8 Nd4 27. Bd1 Be6 28. Nb6 h5 29. Bxa4 g5 30. b4 h4 31.
b5 h3 32. g3 g4 33. Na8 gxf3 34. Nc7 Bc4 35. Rf2 Ng4 36. Kg1 Nxf2 37. Kxf2 Bd3 38. Nd5 Nxb5 39. Kxf3 Nd6 40. Nc3 Kg7 41. Bd7 Bf1 42. Bf5 Bg2+ 43. Kg4 Nc4 44. Kh4 Nd2 45. g4 Nf3+ 46. Kg3 Ng5 47. Kf2 Nf3 48. Kg3 Ng5 49.
Ne2 Nf3 50. Bc8 Ng5 51. Bb7 Nxe4+ 52. Bxe4 Bxe4 53. Kxh3 Bf3 54. Ng1 Bd1 55. Kg3 e4 56. Kf4 Bc2 57. Nh3 f6 58. Nf2 Kg6 59. Nxe4 Bd1 60.
h3 Be2 61. Ng3 Bd1 62. h4 Bc2 63. h5+ Kh6 64. Ne4 1-0

[Event "*** Titled Tuesday Blitz"]
[Site "Chess.com"]
[Date "2020.04.14"]
[Round "5"]
[White "AndrewMaco"]
[Black "WinningButNotReally"]
[Result "1-0"]
[WhiteElo "2608"]
[BlackElo "2421"]
[TimeControl "180+1"]
[EndTime "10:52:35 PDT"]
[Termination "AndrewMaco won by resignation"]

1. e4 c6 2. d4 d5 3. e5 c5 4.
dxc5 Nc6 5. Nf3 Bg4 6. a3 e6 7. b4 Nxe5 8. Bb5+ Nc6 9. Bb2 Nf6 10. Nbd2 Be7 11. O-O O-O 12. c4 a5 13. cxd5 Nxd5 14.
Qb3 axb4 15. Bxc6 bxc6 16. axb4 Rb8 17. Ne5 Rxb4 18. Qa3 Bxc5 19. Nxc6 Qb6 20. Nxb4 Bxb4 21. Qd3 Bf5 22. Qg3 f6 23. Nf3 Bd6 24. Bd4 Qc7 25. Qh4 Nf4 26. Be3 Ng6 27. Qa4 h5 28. Rfc1 Qb7 29.
Qd1 Be7 30. Ra7 Qe4 31. Rcc7 Rd8 32. Qa1 Bf8 33. Ra4 Qd5 34. Rc1 Qb7 35. Nd4 Be4 36.
Nxe6 Re8 37. Nxf8 Nxf8 38. Ra7 Qb8 39. Qa2+ Ne6 40. Ra6 Qe5 41. Ra5 Qd6 42. h3 h4 43.
Rh5 Bg6 44. Rxh4 Bh7 45. Rd4 Qe7 46. Rdc4 Qf7 47. Rc6 Bf5 48. Qa5 Be4 49. Rd6 Qg6 50. g4 Qh7 51. Qh5 Qxh5 52. gxh5 Bf5 53. h6 gxh6 54. Kh2 Kf7 55. Bxh6 Rg8 56. Rd7+ Ke8 57.
Rc8+ Kxd7 58. Rxg8 Kd6 59. Be3 Ke5 60. Rg3 Nf4 61. Bxf4+ Kxf4 62. h4 Bg4 63. Kg2 f5 64. f3 Bh5 65. Kf2 Bf7 66. Rg5 Bd5 67. Rg7 Bxf3 68. Ra7 Bg4 69. Ra4+ Ke5 70. Ke3 Bd1 71.
Ra5+ Kf6 72. Kf4 Bg4 73. Ra6+ Kf7 74. Kg5 Bh3 75. h5 Bf1 76. Ra7+ Ke6 77. h6 f4 78.
h7 f3 79. h8=Q f2 1-0

[Event "*** Titled Tuesday Blitz"]
[Site "Chess.com"]
[Date "2020.04.14"]
[Round "5"]
[White "Zmof"]
[Black "hellokostya"]
[Result "1/2-1/2"]
[WhiteElo "2315"]
[BlackElo "2506"]
[TimeControl "180+1"]
[EndTime "10:52:35 PDT"]
[Termination "Game drawn by repetition"]

1. e4 Nc6 2. Nf3 d6 3. d4 Nf6 4.
Bd3 g6 5. c3 Bg7 6. O-O O-O 7.
Re1 e5 8. h3 Re8 9. Na3 Bd7 10. Nc2 h6 11. a4 a6 12. b4 d5 13.
b5 axb5 14. axb5 Rxa1 15. Nxa1 dxe4 16. bxc6 Bxc6 17. Nxe5 exd3 18. Nxc6 bxc6 19. Rxe8+ Qxe8 20. Qxd3 Qe1+ 21. Qf1 Qxc3 22. Be3 Nd5 23. Qc1 Qxc1+ 24. Bxc1 Bxd4 25. Nc2 Bg7 26. Kf1 Kf8 27. Ke2 Ke7 28. Kd3 Kd6 29. Kc4 Nb6+ 30. Kd3 c5 31. Na3 Kd5 32. Be3 c4+ 33. Kc2 Na4 34. Nb5 c6 35. Nc7+ Ke4 36. Ne8 Be5 37. g3 h5 38. Ba7 Kf3 39.
h4 Nc3 40. Nd6 Bxd6 41. Kxc3 c5 42. Kxc4 Kxf2 43. Kd5 Bf8 44. Ke5 Kf3 45. Kf6 Kxg3 46.
Kxf7 Bd6 47. Kxg6 c4 48. Kxh5 Be7 49. Bd4 Bxh4 50. Kg6 Kf3 51. Kf5 Ke2 52. Ke4 Bf2 53.
Be5 Kd2 54. Kd5 Kd3 55. Bf6 Be1 56. Be5 Bc3 57. Bd6 Bg7 58. Bb4 Bh8 59. Ba5 Bf6 60. Bb4 Bd8 61. Be1 Be7 62. Ba5 Ba3 63. Be1 Bb2 64. Ba5 Bc3 65. Bc7 Bb2 66. Ba5 Bc3 67.
Bc7 Bb4 68. Be5 Bf8 69. Bf6 Bh6 70. Be5 Bd2 71. Bd4 Bc3 72. Bc5 Bf6 73. Bb4 Bg7 74. Ba5 Bf8 75. Be1 Bh6 76. Ba5 Be3 77. Bb4 Bb6 78.
Be1 Be3 79. Bb4 Bf2 80. Ba5 Be3 81. Bb4 1/2-1/2